 Dungeon Crawl Stone Soup version 0.23.0 (webtiles) character file.

Game seed: 14717695258748940159

10355 Kondrat the Fighter (level 11, -16/93 HPs)
             Began as a Formicid Fighter on Feb 8, 2019.
             Was a High Priest of Okawaru.
             Demolished by Snorg (20 damage)
             ... on level 11 of the Dungeon.
             The game lasted 00:36:16 (14994 turns).

Kondrat the Fighter (Formicid Fighter)             Turns: 14994, Time: 00:36:17

Health: -16/93     AC: 21    Str: 28    XL:     11   Next: 91%
Magic:  8/11       EV: 10    Int: 14    God:    Okawaru [*****.]
Gold:   474        SH: 14    Dex: 10    Spells: 10/10 levels left

rFire    . . .     SeeInvis +   a - +0 quarterstaff
rCold    + . .     Gourm    .   c - +0 shield
rNeg     + . .     Faith    .   n - +0 plate armour
rPois    .         Spirit   .   (helmet unavailable)
rElec    .         Reflect  .   e - +0 cloak
rCorr    .         Harm     .   C - +0 pair of gloves
MR       +....                  y - +0 pair of boots
Stlth    ..........             (no amulet)
HPRegen  0.25/turn              w - ring of protection from cold
MPRegen  0.12/turn              I - ring of positive energy

@: mighty, brilliant, heroism
A: permanent stasis, dig shafts and tunnels, four strong arms, antennae 3
a: Dig, Shaft Self, Heroism, Finesse, Renounce Religion


You were on level 11 of the Dungeon.
You worshipped Okawaru.
Okawaru was extremely pleased with you.
You were not hungry.

You visited 2 branches of the dungeon, and saw 12 of its levels.
You also visited: Ossuary.

You collected 474 gold pieces.

Inventory:

Hand Weapons
 a - a +0 quarterstaff (weapon)
 j - a +0 war axe
Armour
 c - a +0 shield (worn)
 e - a +0 cloak (worn)
 n - a +0 plate armour (worn)
 y - a +0 pair of boots (worn)
 C - a +0 pair of gloves (worn)
Jewellery
 o - an uncursed ring of ice
 w - a ring of protection from cold (left hand)
 I - a ring of positive energy (right hand)
Wands
 i - a wand of paralysis (6)
 s - a wand of digging (1)
 u - a wand of polymorph (8)
 v - a wand of random effects (27)
 D - a wand of acid (17)
Scrolls
 b - 5 scrolls of blinking {unknown}
 k - 7 scrolls of remove curse
 p - 2 scrolls of amnesia {unknown}
 q - 4 scrolls of fear {unknown}
 r - a scroll of noise {unknown}
 z - a scroll of immolation {unknown}
 B - 2 scrolls of random uselessness {unknown}
 F - 4 scrolls of fog {unknown}
 G - a scroll of magic mapping {unknown}
 H - a scroll of enchant weapon {unknown}
Potions
 d - 2 potions of might
 l - 2 potions of agility
 m - 3 potions of mutation
 t - a potion of lignification
 x - a potion of flight {unknown}
 A - 2 potions of curing
 E - a potion of berserk rage {unknown}
 J - a potion of experience {unknown}
Comestibles
 f - 10 rations


   Skills:
 - Level 11.0(16.0) Fighting
 + Level 9.7(14.7) Axes
 - Level 2.0(7.0) Staves
 - Level 10.0(15.0) Armour
 - Level 10.1(15.1) Shields


You had 10 spell levels left.
You didn't know any spells.
Your spell library contained the following spells:

 Spells                   Type           Power        Failure   Level  Hunger
 Apportation              Tloc           #.....       17%         1    ##.....
 Summon Butterflies       Summ           #.......     17%         1    ##.....
 Lesser Beckoning         Tloc           #.........   43%         3    ####...
 Tukima's Dance           Hex            #.......     43%         3    ####...
 Cause Fear               Hex            #.........   78%         4    #####..
 Alistair's Intoxication  Tmut/Pois      #.......     97%         5    ######.
 Silence                  Hex/Air        #.........   97%         5    ######.
 Yara's Violent Unravell  Hex/Tmut       #.........   97%         5    ######.
 Deflect Missiles         Chrm/Air       #.........   100%        6    #######
 Invisibility             Hex            #.......     100%        6    #######
 Discord                  Hex            #.........   100%        8    #######


Dungeon Overview and Level Annotations

Branches:
Dungeon (11/15)            Temple (1/1) D:4            Lair (0/6) D:9
    Orc: D:9-12

Altars:
Ashenzari
Cheibriados
Dithmenos
Elyvilon
Fedhas
Gozag
Hepliaklqana
Kikubaaqudgha
Makhleb
Nemelex Xobeh
Okawaru
Qazlal
Ru
Sif Muna
Trog
Uskayaw
Vehumet
Wu Jian
Xom
Yredelemnul
Zin
The Shining One

Shops:
D:4 %

Annotations:
D:11 Snorg


Innate Abilities, Weirdness & Mutations

You cannot be hasted, slowed, berserked, paralysed or teleported.
You can dig through walls and to a lower floor.
Your four strong arms can wield two-handed weapons with a shield.
You have a pair of large antennae on your head. (SInv)


Message History

Snorg claws you but does no damage. You block Snorg's attack. x2
Snorg claws you but does no damage. Snorg claws you!
* * * LOW HITPOINT WARNING * * *
You sock Snorg!
Snorg is severely wounded.
You block Snorg's attack. Snorg barely misses you. Snorg claws you!
* * * LOW HITPOINT WARNING * * *
You feel much better.
You feel like a meek peon again. Snorg bites you! You block Snorg's attack.
Snorg claws you but does no damage. Snorg bites you!
Snorg claws you but does no damage. Snorg claws you!
* * * LOW HITPOINT WARNING * * *
You gain the combat prowess of a mighty hero.
Snorg closely misses you. Snorg barely misses you.
Snorg claws you but does no damage.
You feel very mighty all of a sudden. Snorg bites you!
* * * LOW HITPOINT WARNING * * *
You block Snorg's attack. Snorg claws you but does no damage. Snorg bites you!!
You die...

#......(#......
#.......#......
#.......#......
#.......#......
#.......#......
#....##.#....##
###..[.##.'......
##T#....##.#....#.
#@#.T.<.##.#....#.
####.......#....#.
#.......#..####
#.......####
#.......#
#.......#
#.......#
#.......#
#.......#


You could see Snorg (berserk).

Vanquished Creatures
  Harold (D:7)
  A two-headed ogre (D:10)
  A cyclops (D:7)
  Joseph (D:7)
  Maurice (D:10)
  The ghost of tidbits the Insei, a novice GnTm (D:5)
  A komodo dragon (D:9)
  A queen bee (D:9)
  2 trolls
  Grinder (D:4)
  A hornet (D:10)
  A hippogriff (D:10)
  5 yaks (D:10)
  2 hungry ghosts
  Grum (D:7)
  A soldier ant (D:10)
  A black bear (D:7)
  3 ice beasts
  3 orc warriors
  An eye of draining (D:9)
  2 sky beasts
  3 wolves (D:7)
  3 ogres
  2 phantoms
  A necrophage (D:7)
  2 centaurs
  An elf zombie (Ossuary)
  A big kobold (D:9)
  A gnoll sergeant (D:7)
  5 bullfrogs
  A wyvern skeleton (D:11)
  3 scorpions
  23 killer bees
  3 howler monkeys
  2 centaur zombies (Ossuary)
  A crimson imp (D:8)
  2 jellies
  2 hounds
  3 quasits
  6 orc priests
  2 bullfrog skeletons
  A human zombie (Ossuary)
  3 centaur skeletons
  3 iguanas
  5 orc wizards
  5 worker ants
  A hound zombie (D:8)
  2 mummies (Ossuary)
  A worker ant zombie (D:10)
  7 gnolls
  7 adders
  2 shadow imps
  An ooze (D:3)
  2 adder zombies
  An adder skeleton (D:10)
  3 worms
  A dart slug (D:5)
  3 leopard geckos
  38 orcs
  3 ball pythons
  5 giant cockroaches
  11 goblins
  7 hobgoblins
  7 jackals
  5 quokkas
  6 bats
  3 frilled lizards
  A goblin zombie (Ossuary)
  6 hobgoblin zombies (Ossuary)
  A jackal zombie (Ossuary)
  10 kobolds
  5 kobold zombies (Ossuary)
  2 leopard gecko skeletons
  A leopard gecko zombie (D:5)
  14 orc zombies (Ossuary)
  A quokka zombie (D:9)
  9 rats
  3 rat zombies (Ossuary)
285 creatures vanquished.

Vanquished Creatures (others)
  2 plants (D:9)
2 creatures vanquished.

Grand Total: 287 creatures vanquished

Notes
Turn   | Place    | Note
-------+----------+-------------------------------------------
     0 | D:1      | Kondrat the Formicid Fighter began the quest for the Orb.
     0 | D:1      | Reached XP level 1. HP: 18/18 MP: 1/1
   112 | D:1      | Reached XP level 2. HP: 24/24 MP: 2/2
   456 | D:2      | Reached skill level 5 in Shields
   456 | D:2      | Reached XP level 3. HP: 29/29 MP: 3/3
   707 | D:2      | Reached XP level 4. HP: 35/35 MP: 4/4
  1660 | D:3      | Reached XP level 5. HP: 37/41 MP: 5/5
  1676 | D:3      | Noticed a centaur
  1690 | D:3      | Killed a centaur
  1722 | D:3      | Found a shimmering altar of Xom.
  1867 | D:3      | Reached XP level 6. HP: 47/47 MP: 6/6
  2026 | D:3      | Found a deep blue altar of Sif Muna.
  2244 | D:3      | Found an ornate altar of the Wu Jian Council.
  2334 | D:4      | Found a glowing silver altar of Zin.
  2535 | D:4      | Found Fatrax's Food Shoppe.
  2581 | D:4      | Found a staircase to the Ecumenical Temple.
  2595 | Temple   | Entered the Ecumenical Temple
  2691 | Temple   | Became a worshipper of Warmaster Okawaru
  2808 | D:4      | Found a sacrificial altar of Ru.
  2809 | D:4      | Noticed Grinder
  2831 | D:4      | Killed Grinder
  2831 | D:4      | Reached * piety under Okawaru
  2831 | D:4      | Reached XP level 7. HP: 25/52 MP: 7/7
  3210 | D:4      | Reached skill level 10 in Shields
  3372 | D:4      | Reached skill level 4 in Fighting
  3372 | D:4      | Reached XP level 8. HP: 42/60 MP: 8/8
  3399 | D:5      | Entered Level 5 of the Dungeon
  3544 | D:5      | Reached skill level 5 in Fighting
  3663 | D:5      | Found a runed translucent gate.
  3664 | D:5      | Found a runed translucent gate.
  3665 | D:5      | Found a runed translucent gate.
  3667 | D:5      | Noticed tidbits's ghost (novice GnTm)
  3724 | D:5      | Killed tidbits's ghost
  3724 | D:5      | Reached ** piety under Okawaru
  3724 | D:5      | Reached skill level 6 in Fighting
  3915 | D:5      | Reached skill level 7 in Fighting
  4746 | D:6      | Reached skill level 5 in Armour
  4746 | D:6      | Reached XP level 9. HP: 59/72 MP: 9/9
  5631 | D:6      | Found an opulent altar of Gozag.
  5671 | D:6      | You fall through a shaft!
  5901 | D:7      | Found a sand-covered staircase.
  5906 | Ossuary  | Entered an ossuary
  6115 | Ossuary  | Reached *** piety under Okawaru
  6316 | D:7      | Noticed Joseph
  6349 | D:7      | Killed Joseph
  6865 | D:7      | Reached skill level 10 in Armour
  6865 | D:7      | Reached XP level 10. HP: 74/79 MP: 10/10
  7246 | D:6      | Found a bloodstained altar of Trog.
  7246 | D:6      | Found a sparkling altar of Nemelex Xobeh.
  7253 | D:6      | Found a shimmering altar of Xom.
  7558 | D:8      | Reached **** piety under Okawaru
  7647 | D:8      | Reached skill level 8 in Fighting
  7658 | D:8      | Noticed a cyclops
  7881 | D:8      | Noticed Harold
  7886 | D:7      | Killed a cyclops
  7886 | D:7      | Reached skill level 9 in Fighting
  7980 | D:8      | Noticed Grum
  8259 | D:7      | Killed Harold
  8259 | D:7      | Reached skill level 10 in Fighting
  8269 | D:7      | Killed Grum
  8807 | D:8      | Reached skill level 11 in Fighting
  8851 | D:8      | Reached skill level 1 in Axes
  9144 | D:9      | Noticed a komodo dragon
  9176 | D:9      | Killed a komodo dragon
  9182 | D:9      | Found a staircase to the Lair.
  9321 | D:9      | Reached XP level 11. HP: 80/93 MP: 11/11
  9558 | D:9      | Reached skill level 5 in Axes
 12016 | D:10     | Entered Level 10 of the Dungeon
 12330 | D:10     | Reached ***** piety under Okawaru
 12417 | D:10     | Found a glowing golden altar of the Shining One.
 12417 | D:10     | Noticed Maurice
 12426 | D:10     | Killed Maurice
 13277 | D:10     | Received a gift from Okawaru
 13289 | D:10     | Got a crude ring mail {god gift}
 13576 | D:10     | Identified the +1 ring mail of Zogroynu {rN+ Stlth+}
                  | (Okawaru gifted it to you on level 10 of the Dungeon)
 13855 | D:10     | Noticed a two-headed ogre
 13864 | D:10     | Killed a two-headed ogre
 14597 | D:11     | Noticed Snorg
 14994 | D:11     | HP: 4/93 [Snorg (14)]
 14994 | D:11     | Demolished by Snorg

Skill      XL: |  1  2  3  4  5  6  7  8  9 10 11 |
---------------+----------------------------------+-----
Shields        | 4 5 6 7 9 10 | 10.1
Fighting       | 4 7 11 | 11.0
Armour         | 5 10 | 10.0
Axes           | 3 9 |  9.7
Staves         | |  2.0

Action                   |  1- 3 |  4- 6 |  7- 9 | 10-12 || total
-------------------------+-------+-------+-------+-------++-------
Melee: Quarterstaff      |    94 |   239 |   528 |   887 ||  1748
Invok: Heroism           |       |       |     6 |    21 ||    27
 Abil: Dig               |       |     2 |    13 |    19 ||    34
Evoke: Wand              |       |     6 |     1 |     5 ||    12
  Use: Potion            |       |     1 |       |     7 ||     8
       Scroll            |       |       |     6 |     5 ||    11
 Stab: Paralysed         |       |     4 |       |     7 ||    11
       Distracted        |       |       |     1 |       ||     1
  Eat: Chunk             |       |     7 |     9 |    20 ||    36
       Ration            |       |       |     2 |     5 ||     7
Armor: Scale mail        |    48 |    29 |       |       ||    77
       Chain mail        |       |    52 |   157 |       ||   209
       Plate armour      |       |       |    71 |   533 ||   604
Dodge: Dodged            |    24 |    70 |   140 |   298 ||   532
Block: Shield            |    41 |   144 |   309 |   704 ||  1198
